 Dungeon Crawl Stone Soup version 0.31-a0-667-g39726597b9 (webtiles) character file.

Game seed: 9540891713782268634

1130 jlumianski the Chopper (level 8, -4/58 (67) HPs)
             Began as a Gnoll Cinder Acolyte on Sept 3, 2023.
             Was an Elder of Ignis.
             Slain by a wight
             ... wielding a +0 dire flail
              (12 damage)
             ... on level 5 of the Dungeon.
             The game lasted 00:25:36 (5720 turns).

jlumianski the Chopper (Gnoll Cinder Acolyte)       Turns: 5720, Time: 00:25:37

HP:   -4/58 (67)    AC: 11    Str: 12    XL:     8   Next: 36%
MP:   5/14          EV: 12    Int: 15    God:    Ignis [****..]
Gold: 258           SH:  4    Dex:  8    Spells: 10/15 levels left

rFire   + . .        j - +2 short sword (flame)
rCold   + . .        (no shield)
rNeg    . . .        o - +2 robe {rC+}
rPois   .            (no helmet)
rElec   .            (no cloak)
rCorr   .            (no gloves)
SInv    .            (no boots)
Will    .....        q - amulet of the acrobat
Stlth   ++           (no ring)
HPRegen 0.29/turn    (no ring)
MPRegen 0.14/turn

%: acrobat, clarity
@: fiery-armoured, heavily drained
A: fangs 1, strong nose, distributed training, large bone plates 1, clarity,
weak 1
a: Renounce Religion, Fiery Armour, Foxfire Swarm


You were on level 5 of the Dungeon.
You worshipped Ignis.
Ignis was greatly pleased with you.
You visited 2 branches of the dungeon, and saw 7 of its levels.

You collected 258 gold pieces.

Inventory:

Hand Weapons
 a - a -1 hand axe of flaming
 g - a +0 long sword
 j - a +2 short sword of flaming (weapon)
 w - a +2 vampiric short sword
Missiles
 d - 44 stones
 r - 17 poisoned darts (quivered)
 t - 6 javelins
Armour
 b - a +0 robe
 e - a +0 ring mail
 o - a +2 robe of cold resistance (worn)
Jewellery
 q - an amulet of the acrobat (around neck)
Wands
 n - a wand of flame (21)
 x - a wand of roots (7)
 y - a wand of acid (8)
Scrolls
 f - 2 scrolls of amnesia
 h - 2 scrolls of poison
 i - a scroll of enchant armour
 k - a scroll of immolation {unknown}
Potions
 c - a potion of brilliance
 m - a potion of degeneration
 p - a potion of cancellation
 s - a potion of mutation
 v - a potion of attraction
 z - 2 potions of heal wounds {unknown}
 A - a potion of haste {unknown}


   Skills:
 + Level 7.4 Fighting
 + Level 3.2 Short Blades
 + Level 3.2 Long Blades
 + Level 7.4 Axes
 + Level 3.2 Maces & Flails
 + Level 3.2 Polearms
 + Level 3.2 Staves
 + Level 3.2 Ranged Weapons
 + Level 3.2 Throwing
 + Level 3.2 Armour
 + Level 3.2 Dodging
 + Level 3.2 Stealth
 + Level 3.2 Shields
 + Level 3.2 Unarmed Combat
 + Level 4.3 Spellcasting
 + Level 2.6 Conjurations
 + Level 2.6 Hexes
 + Level 2.6 Summonings
 + Level 2.6 Necromancy
 + Level 2.6 Translocations
 + Level 2.6 Transmutations
 + Level 6.1 Fire Magic
 + Level 2.6 Ice Magic
 + Level 2.6 Air Magic
 + Level 2.6 Earth Magic
 + Level 2.6 Poison Magic
 + Level 3.6 Invocations
 + Level 3.2 Evocations
 + Level 3.0 Shapeshifting


You had 10 spell levels left.
You knew the following spells:

 Your Spells              Type           Power      Damage    Failure   Level
a - Scorch                Fire           42%        2d6       2%          2
b - Blink                 Tloc           22%        N/A       9%          2
c - Slow                  Hex            44%        N/A       6%          1

Your spell library contained the following spells:

 Spells                   Type           Power      Damage    Failure   Level
 Sting                    Tmut/Pois      44%        1d5       6%          1
 Ensorcelled Hibernation  Hex/Ice        22%        N/A       9%          2
 Ignite Poison            Fire/Tmut/Pois 14%        N/A       11%         3
 Confusing Touch          Hex            11%        N/A       17%         3
 Dazzling Flash           Conj/Hex       22%        N/A       17%         3
 Vampiric Draining        Necr           11%        2d6       17%         3
 Manifold Assault         Tloc           11%        N/A       50%         4
 Agony                    Necr           11%        N/A       85%         5
 Alistair's Intoxication  Tmut/Pois      7%         N/A       85%         5
 Silence                  Hex/Air        5%         N/A       85%         5
 Simulacrum               Ice/Necr       5%         N/A       100%        6


Dungeon Overview and Level Annotations

Branches:
Dungeon (6/15)             Temple (1/1) D:6

Altars:
Ashenzari
Cheibriados
Dithmenos
Elyvilon
Fedhas
Hepliaklqana
Kikubaaqudgha
Makhleb
Qazlal
Ru
Sif Muna
Trog
Uskayaw
Vehumet
Wu Jian
Xom
Zin

Annotations:
Temple 4 transporters


Innate Abilities, Weirdness & Mutations

You have very sharp teeth.
Your uncanny sense of smell can sniff out nearby items.
Your experience applies equally to all skills.
You are partially covered in large bone plates. (SH +4)
You possess an exceptional clarity of mind.
You are weak. (Str -2)


Message History

Flames lash the wight but do no damage.
The wight hits you with a +0 dire flail!
You feel drained.
Casting: Scorch (safe; 2% risk of failure)
Confirm with . or Enter, or press ? or * to list all spells.
Flames lash the wight but do no damage.
The wight hits you with a +0 dire flail!
You feel drained.
Casting: Scorch (safe; 2% risk of failure)
Confirm with . or Enter, or press ? or * to list all spells.
Flames lash the wight.
The wight is heavily damaged.
The wight's fire resistance burns away.
The wight hits you with a +0 dire flail.
You hit the wight but do no damage. You bite the wight, but do no damage.
The wight is heavily damaged.
The wight hits you with a +0 dire flail.
* * * LOW HITPOINT WARNING * * *
You feel drained.
* * * LOW HITPOINT WARNING * * *
Casting: Scorch (safe; 2% risk of failure)
Confirm with . or Enter, or press ? or * to list all spells.
Flames lash the wight but do no damage.
The wight misses you.
A protective cloak of flame settles atop you.
The wight closely misses you.
Casting: Scorch (safe; 2% risk of failure)
Confirm with . or Enter, or press ? or * to list all spells.
Flames lash the wight.
The wight is burned terribly!
The wight is almost destroyed.
The wight barely misses you.
You hit the wight but do no damage.
The wight is almost destroyed.
The wight hits you with a +0 dire flail!
* * * LOW HITPOINT WARNING * * *
The wight is burned by your cloak of flames.
The wight is almost destroyed.
You closely miss the wight. Your bite misses the wight.
The wight is almost destroyed.
The wight hits you with a +0 dire flail!
You die...

########### #.....<...#
### #######.#######.#
##.## #.......# #.#
##.#.######.#.##..#####
#.#
#.###.......z..#......#
#.#
##.#.######.@...#.###.#
#.# ##.## ##...##.# #.#
#.# #.#
##.###.###.###.### ##.#
#.# #...........# #..#
#.# ###########.# #.##
##'## #.# #.# ##...##
#.# #.## ##.....## ###
#.# ######..##
##.......## ##.###.#


You could see a wight (combustible).

Vanquished Creatures
  Grinder (D:2)
  Sigmund (D:3)
  Edmund (D:4)
  A water moccasin (D:5)
  2 scorpions
  3 orc priests
  A sleepcap (D:4)
  2 iguanas
  Ijyb (D:4)
  2 orc wizards (D:5)
  Natasha (D:4)
  6 adders
  A shadow imp (D:5)
  A worm (D:5)
  2 dart slugs
  16 orcs
  7 ball pythons
  8 endoplasms
  6 giant cockroaches
  6 goblins
  4 hobgoblins
  5 jackals
  11 kobolds
  2 quokkas
  6 bats
  3 frilled lizards
  2 rats
102 creatures vanquished.

Vanquished Creatures (others)
  13 foxfires (D:4)
13 creatures vanquished.

Grand Total: 115 creatures vanquished

Notes
Turn   | Place    | Note
-------+----------+-------------------------------------------
     0 | D:1      | jlumianski the Gnoll Cinder Acolyte began the quest for the
                  | Orb.
     0 | D:1      | Reached XP level 1. HP: 23/23 MP: 4/4
   114 | D:1      | Reached XP level 2. HP: 24/29 MP: 5/5
   240 | D:1      | Reached XP level 3. HP: 30/35 MP: 7/7
   416 | D:1      | Learned a level 2 spell: Scorch
   419 | D:2      | Found a burning altar of Makhleb.
   478 | D:1      | Reached skill level 1 in Invocations
   911 | D:2      | Reached skill level 1 in Short Blades
   911 | D:2      | Reached skill level 1 in Long Blades
   911 | D:2      | Reached skill level 1 in Maces & Flails
   911 | D:2      | Reached skill level 1 in Polearms
   911 | D:2      | Reached skill level 1 in Staves
   911 | D:2      | Reached skill level 1 in Ranged Weapons
   911 | D:2      | Reached skill level 1 in Throwing
   911 | D:2      | Reached skill level 1 in Armour
   911 | D:2      | Reached skill level 1 in Dodging
   911 | D:2      | Reached skill level 1 in Stealth
   911 | D:2      | Reached skill level 1 in Shields
   911 | D:2      | Reached skill level 1 in Unarmed Combat
   911 | D:2      | Reached skill level 1 in Evocations
   995 | D:2      | Found a faded altar of an unknown god.
  1054 | D:3      | Noticed Sigmund
  1207 | D:2      | Reached skill level 1 in Shapeshifting
  1207 | D:2      | Reached XP level 4. HP: 17/41 MP: 5/8
  1368 | D:3      | Noticed Grinder
  1460 | D:2      | Paralysed by Grinder for 4 turns
  1472 | D:2      | Killed Grinder
  1473 | D:2      | Reached skill level 1 in Conjurations
  1473 | D:2      | Reached skill level 1 in Hexes
  1473 | D:2      | Reached skill level 1 in Summonings
  1473 | D:2      | Reached skill level 1 in Necromancy
  1473 | D:2      | Reached skill level 1 in Translocations
  1473 | D:2      | Reached skill level 1 in Transmutations
  1473 | D:2      | Reached skill level 1 in Ice Magic
  1473 | D:2      | Reached skill level 1 in Air Magic
  1473 | D:2      | Reached skill level 1 in Earth Magic
  1473 | D:2      | Reached skill level 1 in Poison Magic
  1473 | D:2      | Reached XP level 5. HP: 22/47 MP: 4/10
  1473 | D:2      | Reached XP level 6. HP: 25/53 MP: 4/11
  1712 | D:3      | Killed Sigmund
  1997 | D:5      | Entered Level 5 of the Dungeon
  2007 | D:6      | Found a staircase to the Ecumenical Temple.
  2021 | Temple   | Found a transporter.
  2021 | Temple   | Found a transporter.
  2021 | Temple   | Found a transporter.
  2021 | Temple   | Found a transporter.
  2021 | Temple   | Entered the Ecumenical Temple
  2056 | Temple   | Reached XP level 7. HP: 46/59 MP: 12/12
  2283 | D:4      | Noticed Edmund
  2296 | D:4      | Killed Edmund
  2481 | D:4      | Learned a level 2 spell: Blink
  2700 | D:4      | Noticed Ijyb
  2707 | D:4      | Killed Ijyb
  2845 | D:4      | Noticed Natasha
  2864 | D:4      | Killed Natasha
  4226 | D:5      | Learned a level 1 spell: Slow
  4250 | D:5      | Reached XP level 8. HP: 38/67 MP: 8/14
  4630 | D:5      | Identified a scroll of acquirement
  4630 | D:5      | Acquired a book of the Senses
  4632 | D:5      | Gained mutation: You are weak. (Str -2) [potion of
                  | mutation]
  4632 | D:5      | Gained mutation: You are partially covered in large bone
                  | plates. (SH +4) [potion of mutation]
  4632 | D:5      | Gained mutation: You possess an exceptional clarity of
                  | mind. [potion of mutation]
  5497 | D:5      | Got the Compendium of the Septic Snowflakes
  5720 | D:5      | Slain by a wight

Illustrated notes

Levels and vault maps discovered:
D:1:      dpeg_arrival_snail, layout_basic
D:2:      minmay_wonky_spiral, layout_loops_ring, basic_altar,
          shapermc_ecumenical_altar_petra, moated_statue
D:3:      layout_loops_ring, corexii_corridor_pit, uniq_sigmund, uniq_grinder
D:4:      layout_loops_corners, hangedman_abyss_or_decor_stabs, uniq_natasha,
          uniq_edmund, uniq_ijyb
D:5:      layout_loops_corners
D:6:      kennysheep_slugbush, layout_basic, minmay_temple_entry_overgrown,
          serial_shops, shop, uniq_menkaure
Temple:   hellmonk_temple_divided_pantheon

Skill      XL: |  1  2  3  4  5  6  7  8 |
---------------+-------------------------+-----
Invocations    | 1 2 3 |  3.6
Short Blades   | 1 2 3 |  3.2
Long Blades    | 1 2 3 |  3.2
Maces & Flails | 1 2 3 |  3.2
Polearms       | 1 2 3 |  3.2
Staves         | 1 2 3 |  3.2
Ranged Weapons | 1 2 3 |  3.2
Throwing       | 1 2 3 |  3.2
Armour         | 1 2 3 |  3.2
Dodging        | 1 2 3 |  3.2
Stealth        | 1 2 3 |  3.2
Shields        | 1 2 3 |  3.2
Unarmed Combat | 1 2 3 |  3.2
Evocations     | 1 2 3 |  3.2
Shapeshifting  | 1 2 3 |  3.0
Spellcasting   | 3 4 |  4.3
Conjurations   | 1 2 |  2.6
Hexes          | 1 2 |  2.6
Summonings     | 1 2 |  2.6
Necromancy     | 1 2 |  2.6
Translocations | 1 2 |  2.6
Transmutations | 1 2 |  2.6
Ice Magic      | 1 2 |  2.6
Air Magic      | 1 2 |  2.6
Earth Magic    | 1 2 |  2.6
Poison Magic   | 1 2 |  2.6
Fighting       | 7 |  7.4
Axes           | 7 |  7.4
Fire Magic     | 6 |  6.1

Action                     |  1- 3 |  4- 6 |  7- 9 || total
---------------------------+-------+-------+-------++-------
  Melee: Hand axe          |   103 |    28 |       ||   131
         Bite              |    10 |     2 |    18 ||    30
         Punch             |     2 |       |     2 ||     4
         Short sword       |       |     4 |   152 ||   156
   Cast: Scorch            |     2 |    10 |    68 ||    80
         Blink             |       |       |     7 ||     7
 Invoke: Fiery Armour      |     1 |     1 |     1 ||     3
         Foxfire Swarm     |       |       |     1 ||     1
         Rising Flame      |       |       |     1 ||     1
    Use: Scroll            |     2 |       |     7 ||     9
         Potion            |       |     1 |     2 ||     3
   Stab: Sleeping          |       |     2 |     2 ||     4
 Armour: Robe              |    53 |    29 |   101 ||   183
  Dodge: Dodged            |    60 |    36 |    96 ||   192
  Block: Other             |       |       |     2 ||     2

Table legend: (Time is in decaauts)
 A = Elapsed time spent in this place.
 B = Non-inter-level travel time spent in this place.
 C = Inter-level travel time spent in this place.
 D = Time resting spent in this place.
 E = Time spent auto-exploring this place.
 F = Levels seen in this place.
 G = Mean time per level.
                   A        B        C        D        E       F      G
               +--------+--------+--------+--------+--------+-----+--------+
         Total |   5716 |   5586 |    130 |   1086 |   2816 |   7 |  816.6 |
       Dungeon |   5639 |   5509 |    130 |   1046 |   2816 |   6 |  939.8 |
        Temple |     77 |     77 |      0 |     40 |      0 |   1 |   77.0 |
               +--------+--------+--------+--------+--------+-----+--------+

Top non-repeatable levels by time:
     D:4: 2127 daAuts
     D:5: 1450 daAuts
     D:2: 1237 daAuts
     D:1: 472 daAuts
     D:3: 289 daAuts
  Temple: 77 daAuts
     D:6: 61 daAuts
